 Dungeon Crawl Stone Soup version 0.30-a0-840-ga523dec638 (webtiles) character file.

Game seed: 15808718528256322412

93 Hubjo the Firebug (level 4, -4/33 HPs)
             Began as a Demonspawn Fire Elementalist on Feb 28, 2023.
             Was an Initiate of Ashenzari.
             Slain by a gnoll
             ... wielding a +0 spear
              (6 damage)
             ... on level 3 of the Dungeon on Mar 1, 2023.
             The game lasted 00:06:31 (2564 turns).

Hubjo the Firebug (Demonspawn Fire Elementalist)    Turns: 2564, Time: 00:06:32

Health: -4/33      AC:  2    Str:  9    XL:     4   Next: 36%
Magic:  16/16      EV: 12    Int: 16    God:    Ashenzari [......]
Gold:   2114       SH:  4    Dex: 15    Spells: 6/7 levels left

rFire   x . .      SeeInvis .    d - +6 halberd "Q" {drain, rF- rC+++ MP+9 Stlth+}
rCold   + + +      Faith    .    (shield currently unavailable)
rNeg    . . .      Spirit   .    a - +0 robe
rPois   .          Reflect  .    (helmet restricted)
rElec   .          Harm     .    (no cloak)
rCorr   .          Rampage  .    (no gloves)
Will    .....                    (no boots)
Stlth   +++                      (no amulet)
HPRegen 0.25/turn                (no ring)
MPRegen 0.15/turn                (no ring)

@: brilliant, on berserk cooldown, slowed, very slow
A: antennae 1, foul stench 1, condensation shield
a: Renounce Religion, Curse Item


You were on level 3 of the Dungeon.
You worshipped Ashenzari.
Ashenzari was noncommittal.
You visited 1 branch of the dungeon, and saw 3 of its levels.

You collected 2114 gold pieces.

Inventory:

Hand Weapons
 c - a +2 dagger of protection
 d - the +6 halberd "Q" (weapon) {drain, rF- rC+++ MP+9 Stlth+}
   (You acquired it on level 2 of the Dungeon)

   rF:        It makes you vulnerable to fire.
   rC:        It renders you almost immune to cold.
   MP:        It affects your magic capacity (+9).
   Stlth:     It makes you more stealthy.
Armour
 a - a +0 robe (worn)
Jewellery
 g - a ring of resist corrosion
Wands
 n - a wand of charming (11)
Scrolls
 e - 3 scrolls of identify
 f - a scroll of enchant weapon
 h - 2 scrolls of teleportation
 i - a scroll of blinking
 m - a scroll of poison {unknown}
Potions
 b - a potion of magic
 j - a potion of lignification {unknown}
 l - a potion of brilliance


   Skills:
 + Level 1.9 Fighting
 * Level 0.3 Polearms
 - Level 1.7 Dodging
 + Level 2.4 Stealth
 + Level 2.4 Spellcasting
 + Level 1.9 Conjurations
 + Level 3.1 Fire Magic


You had 6 spell levels left.
You knew the following spells:

 Your Spells              Type           Power      Damage    Failure   Level
a - Foxfire               Conj/Fire      60%        2x1d7     7%          1

Your spell library contained the following spells:

 Spells                   Type           Power      Damage    Failure   Level
 Scorch                   Fire           36%        2d7       9%          2
 Inner Flame              Hex/Fire       10%        N/A       30%         3
 Kindle Blastsparks       Fire/Tloc/Air  14%        2d11      36%         3
 Flame Wave               Conj/Fire      15%        2d7       56%         4


Dungeon Overview and Level Annotations

Branches:
Dungeon (3/15)

Altars:
Ashenzari


Innate Abilities, Weirdness & Mutations

You have a pair of small antennae on your head.
You may rarely emit foul miasma when damaged in melee.
A meltable shield of frost defends you. (SH +4)


Message History

* * * LOW HITPOINT WARNING * * *
You are too injured to fight recklessly!
You are too injured to fight recklessly!
You are too injured to fight recklessly!
You are too injured to fight recklessly!
You are too injured to fight recklessly!
You are too injured to fight recklessly!
You are too injured to fight recklessly!
You are too injured to fight recklessly!
You are too injured to fight recklessly!
You are too injured to fight recklessly!
You are too injured to fight recklessly!
You are too injured to fight recklessly!
You are too injured to fight recklessly!
You are too injured to fight recklessly!
You are too injured to fight recklessly!
You are too injured to fight recklessly!
You are too injured to fight recklessly!
You are too injured to fight recklessly!
It was a potion of brilliance.
You feel clever all of a sudden.
The gnoll is engulfed in dark miasma.
The gnoll is poisoned.
The gnoll seems to slow down.
You kill the gnoll!
The gnoll hits you from afar with a +0 spear.
* * * LOW HITPOINT WARNING * * *
It was a potion of berserk rage.
A red film seems to cover your vision as you go berserk!
You feel yourself moving faster!
You feel mighty! The gnoll closely misses you.
You are too injured to fight recklessly!
You feel a strong urge to attack something.
You block the gnoll's attack.
You see here a +0 whip.
You feel your anger nearly subside.
You are no longer berserk.
You are exhausted.
You feel yourself slow down. The gnoll barely misses you.
You barely miss the gnoll. The gnoll hits you with a +0 spear.
* * * LOW HITPOINT WARNING * * *
The gnoll hits you with a +0 spear.
You die...

#.# #.# #.## #.# #...
#.# #..# # #.# #..#
.# # #.# #..##.#.##
#.# #......... #.#
#.g.....#
#.#############☼@.#.#
#.....<........)....#
################..###
#..# #..# #..# #..#
#... #.##


You could see a gnoll.

Vanquished Creatures
  3 gnolls
  2 adders (D:2)
  A worm (D:2)
  2 dart slugs (D:1)
  2 endoplasms
  6 hobgoblins
  A quokka (D:2)
  6 ball pythons
  4 bats (D:1)
  5 frilled lizards
  2 goblins
  A kobold (D:1)
  8 rats
43 creatures vanquished.

Vanquished Creatures (others)
  140 foxfires
  A fungus (D:2)
  A plant (D:2)
142 creatures vanquished.

Grand Total: 185 creatures vanquished

Notes
Turn   | Place    | Note
-------+----------+-------------------------------------------
     0 | D:1      | Hubjo the Demonspawn Fire Elementalist began the quest for
                  | the Orb.
     0 | D:1      | Reached XP level 1. HP: 13/13 MP: 3/3
   227 | D:1      | You fall into a shaft and drop 1 floor!
   237 | D:2      | Found a faded altar of an unknown god.
   269 | D:2      | Prayed at the altar of an unknown god.
   269 | D:2      | Became a worshipper of Ashenzari the Shackled
   297 | D:1      | Gained mutation: You have a pair of small antennae on your
                  | head. [demonic ancestry]
   297 | D:1      | Reached XP level 2. HP: 20/20 MP: 1/5
   571 | D:1      | Reached skill level 1 in Fighting
   986 | D:1      | Reached skill level 3 in Fire Magic
   986 | D:1      | Gained mutation: You may rarely emit foul miasma when
                  | damaged in melee. [demonic ancestry]
   986 | D:1      | Reached XP level 3. HP: 19/26 MP: 1/6
  1988 | D:2      | Gained mutation: A meltable shield of frost defends you.
                  | (SH +4) [demonic ancestry]
  1988 | D:2      | Reached XP level 4. HP: 25/33 MP: 5/7
  2043 | D:2      | Upgraded the game from 0.30-a0-830-gfe289a77b0 to
                  | 0.30-a0-840-ga523dec638
  2108 | D:2      | Identified the +2 scale mail "Jurui" {rC+}
  2402 | D:2      | Identified 3 scrolls of acquirement
  2406 | D:2      | Acquired 1117 gold pieces
  2408 | D:2      | Acquired 920 gold pieces
  2409 | D:2      | Acquired the +6 halberd "Q" {drain, rF- rC+++ MP+9 Stlth+}
  2564 | D:3      | Slain by a gnoll

Illustrated notes

Levels and vault maps discovered:
D:1:      evilmike_arrival_rings, layout_basic, minmay_tetromino_o4
D:2:      layout_basic, dreamdust_ecumenical_altar_grove,
          hangedman_decor_slide_cut
D:3:      layout_loops_ring

Skill      XL: |  1  2 |
---------------+-------+-----
Stealth        | 2 |  2.4
Fighting       | 1 |  1.9
Fire Magic     | 3 |  3.1
Polearms       | |  0.3
Dodging        | |  1.7
Spellcasting   | |  2.4
Conjurations   | |  1.9

Action                     |  1- 3 |  4- 6 || total
---------------------------+-------+-------++-------
  Melee: Unarmed           |    26 |       ||    26
         Dagger            |    44 |       ||    44
         Punch             |     2 |       ||     2
         Halberd           |       |    10 ||    10
   Cast: Foxfire           |    83 |     3 ||    86
    Use: Scroll            |       |     7 ||     7
         Potion            |       |     2 ||     2
   Stab: Sleeping          |     1 |     2 ||     3
 Armour: Robe              |    14 |       ||    14
  Dodge: Dodged            |    36 |     8 ||    44
  Block: Other             |       |     2 ||     2

Table legend: (Time is in decaauts)
 A = Elapsed time spent in this place.
 B = Non-inter-level travel time spent in this place.
 C = Inter-level travel time spent in this place.
 D = Time resting spent in this place.
 E = Time spent auto-exploring this place.
 F = Levels seen in this place.
 G = Mean time per level.
                   A        B        C        D        E       F      G
               +--------+--------+--------+--------+--------+-----+--------+
         Total |   2565 |   2510 |     55 |      0 |   2139 |   3 |  855.0 |
       Dungeon |   2565 |   2510 |     55 |      0 |   2139 |   3 |  855.0 |
               +--------+--------+--------+--------+--------+-----+--------+

Top non-repeatable levels by time:
     D:1: 1633 daAuts
     D:2: 778 daAuts
     D:3: 154 daAuts
